Map: Eternal Empire LE

Players

HeroMarine - Winner!

  • Race: Terran Terran
  • League: Master
  • Spawn Location: 7:00

Kas

  • Race: Terran Terran
  • League: Grandmaster
  • Spawn Location: 1:00

Event: DreamHack SC2 Masters 2020 Fall

VOD

Have the link to the VOD?

Description

Time

  • Played on: Sept. 2, 2020, 1:29 p.m.
  • Length: 8:28

All games in this series

Show
View Real Time Build Order
Export as new Build Order

HeroMarine Terran - Winner!

Build Orders: Reaper Expand 

Get SALT Encoding   

  12  0:00  SCV  
  13  0:12  SCV  
  14  0:17  Supply Depot  
  14  0:24  SCV  
  15  0:38  SCV  
  15  0:41  Barracks  
  16  0:44  Refinery  
  16  0:50  SCV  
  17  1:02  SCV  
  18  1:15  SCV  
  19  1:28  Orbital Command, Reaper  
  20  1:49  Command Center  
  20  1:53  SCV  
  21  1:57  Supply Depot  
  21  1:59  Marine  
  22  2:05  SCV  
  23  2:09  Factory  
  23  2:18  SCV  
  23  2:21  Barracks Reactor  
  24  2:24  Refinery  
  24  2:30  SCV  
  25  2:43  SCV  
  26  2:54  Hellion  
  26  2:55  SCV  
  26  2:57  Starport  
  26  2:58  Marine x2  
  31  3:01  Orbital Command  
  31  3:07  SCV  
  32  3:15  Hellion, Marine  
  32  3:16  Marine  
  32  3:19  SCV  
  37  3:27  Orbital Command  
  37  3:28  Supply Depot  
  37  3:31  SCV  
  38  3:36  Starport Tech Lab  
  37  3:43  SCV  
  37  3:44  Marine x2  
  37  3:45  Factory Tech Lab  
  40  3:54  Raven  
  40  3:55  SCV  
  43  3:56  SCV  
  43  4:02  Command Center  
  44  4:07  Siege Tank  
  47  4:10  SCV  
  47  4:11  SCV  
  47  4:14  Supply Depot  
  49  4:22  SCV  
  49  4:23  SCV  
  51  4:30  Barracks  
  51  4:34  SCV  
  51  4:35  SCV  
  51  4:37  Barracks  
  53  4:39  Siege Tank  
  53  4:43  Starport Reactor  
  53  4:45  Marine  
  56  4:46  SCV  
  56  4:47  SCV  
  56  4:50  Supply Depot  
  59  4:57  Stimpack  
  59  4:58  SCV  
  59  4:59  SCV  
  61  5:03  Marine  
  62  5:07  Refinery  
  62  5:08  Refinery  
  62  5:10  Engineering Bay  
  62  5:11  Engineering Bay, SCV  
  62  5:13  SCV  
  64  5:17  Orbital Command  
  64  5:23  SCV  
  64  5:25  SCV  
  64  5:28  Starport Reactor  
  66  5:29  Siege Tank  
  66  5:34  Marine  
  66  5:35  SCV, Marine x3  
  72  5:36  Marine  
  72  5:37  Orbital Command, SCV  
  76  5:43  Supply Depot, Terran Infantry Weapons Level 1  
  76  5:48  Terran Infantry Armor Level 1, SCV  
  78  5:50  SCV  
  78  5:52  Marine x2  
  78  5:53  Marine x2  
  78  5:54  Marine  
  82  6:00  SCV  
  82  6:02  SCV  
  82  6:03  SCV  
  85  6:05  Supply Depot  
  85  6:06  Supply Depot  
  85  6:08  Medivac x2  
  89  6:13  SCV  
  89  6:14  SCV  
  89  6:15  SCV  
  89  6:18  Marine  
  93  6:26  SCV x2, Marine x4  
  93  6:27  SCV, Supply Depot  
  93  6:31  Siege Tank  
  103  6:37  Combat Shield, Marine  
  103  6:38  SCV x2  
  103  6:39  SCV  
  105  6:44  Marine x4  
  109  6:47  Supply Depot  
  109  6:49  Supply Depot  
  109  6:50  SCV x2  
  109  6:51  SCV  
  112  6:55  Marine  
  112  6:57  Medivac x2  
  117  7:01  Supply Depot  
  117  7:08  Marine x2  
  117  7:09  SCV x3  
  122  7:20  Marine  
  122  7:21  SCV x3, Marine  
  122  7:22  Marine  
  126  7:23  Siege Tank  
  126  7:26  Marine x2  
  131  7:31  Armory  
  131  7:32  Medivac x2  
  135  7:38  Refinery x2, Supply Depot, Marine x2  
  135  7:40  Barracks x2  
  135  7:43  Marine  
  138  7:44  Marine x2  
  140  7:55  Siege Tank  
  140  7:56  Marine x2  
  140  8:01  Marine  
  140  8:02  Marine x2  
  143  8:09  Command Center, SCV x3  
Show
View Real Time Build Order
Export as new Build Order

Kas Terran 

Build Orders:  

Get SALT Encoding   

  12  0:00  SCV  
  13  0:12  SCV  
  14  0:17  Supply Depot  
  14  0:24  SCV  
  14  0:27  Refinery  
  15  0:38  SCV  
  16  0:47  Barracks  
  16  0:50  SCV  
  16  0:55  Refinery  
  17  1:03  SCV  
  18  1:15  SCV  
  19  1:27  SCV  
  20  1:34  Factory  
  20  1:37  Reaper  
  20  1:39  Orbital Command  
  21  1:51  Supply Depot  
  21  2:04  SCV  
  22  2:09  Reaper  
  23  2:17  SCV  
  23  2:18  Hellion  
  26  2:29  Command Center  
  26  2:33  SCV  
  27  2:40  Supply Depot  
  27  2:42  Factory Tech Lab  
  27  2:50  SCV  
  28  2:55  Barracks Reactor  
  28  3:01  Starport  
  28  3:02  Cyclone  
  31  3:07  SCV  
  33  3:20  SCV  
  33  3:27  Refinery  
  33  3:32  SCV  
  34  3:38  Siege Tank  
  37  3:43  Orbital Command  
  37  3:44  SCV  
  37  3:45  Marine x2  
  37  3:46  Starport Tech Lab  
  38  3:56  SCV  
  39  4:06  Raven  
  39  4:08  SCV x2  
  45  4:16  Siege Tank  
  48  4:20  SCV  
  48  4:21  SCV  
  48  4:25  Command Center  
  48  4:29  Marine x2  
  50  4:32  SCV  
  50  4:33  SCV  
  50  4:38  Supply Depot  
  52  4:44  SCV  
  52  4:45  SCV  
  54  4:55  Supply Depot  
  54  4:59  Raven, Siege Tank, SCV x2  
  61  5:00  Supply Depot  
  61  5:04  Marine  
  62  5:14  Barracks  
  62  5:16  SCV x2, Marine  
  62  5:18  Barracks  
  62  5:20  Supply Depot  
  66  5:28  SCV x2  
  66  5:34  Siege Tank  
  70  5:37  Orbital Command  
  70  5:41  SCV  
  71  5:44  SCV  
  72  5:50  Marine  
  72  5:51  Stimpack  
  72  5:53  SCV  
  72  5:56  Orbital Command, SCV  
  75  5:58  Engineering Bay x2  
  75  5:59  Viking  
  75  6:00  Viking  
  75  6:02  Supply Depot  
  79  6:04  Refinery  
  79  6:06  SCV  
  80  6:12  Barracks Reactor x2  
  80  6:14  SCV  
  80  6:16  Marine  
  80  6:18  SCV  
  83  6:22  Siege Tank, SCV  
  83  6:25  Terran Infantry Weapons Level 1  
  87  6:26  Terran Infantry Armor Level 1  
  87  6:27  SCV  
  87  6:31  SCV  
  89  6:37  Viking  
  91  6:40  SCV x2, Marine  
  91  6:42  Viking, Refinery  
  91  6:43  SCV, Refinery  
  97  6:50  Marine x4  
  97  6:52  SCV  
  97  6:54  Supply Depot  
  102  6:57  Siege Tank, Supply Depot  
  102  6:58  SCV x2, Marine  
  108  7:06  Barracks  
  106  7:09  Barracks  
  100  7:20  SCV x2  
  100  7:22  SCV  
  100  7:32  SCV x2  
  100  7:35  Viking x2  
  100  7:36  SCV  
  106  7:40  Sensor Tower, Armory  
  106  7:44  SCV x2  
  106  7:48  SCV  
  109  7:56  SCV x2  
  110  8:01  Marine x3  
  110  8:03  Supply Depot, Barracks Reactor x2  
  110  8:05  Command Center  
  113  8:10  SCV  
  113  8:11  Sensor Tower, SCV  
  119  8:12  SCV  

Tags
 
Add a new tag
Caveats
  • Supply blocks, unpowered buildings, or Contaminate may cause inaccurate times.
  • Supply counts are checked every 10 seconds.